 Dungeon Crawl Stone Soup version 0.26-a0-542-gbaa144ba5c (webtiles) character file.

Game seed: 3177845934901505954

28 Aksej the Cutter (level 2, 0/22 HPs)
             Began as a Demonspawn Gladiator on Aug 17, 2020.
             Was an Initiate of Dithmenos.
             Slain by a gnoll
             ... wielding a +0 vorpal halberd
              (5 damage)
             ... on level 2 of the Dungeon.
             The game lasted 00:04:52 (1281 turns).

Aksej the Cutter (Demonspawn Gladiator)             Turns: 1281, Time: 00:04:52

Health: 0/22       AC:  4    Str: 11 (14) XL:     2   Next: 96%
Magic:  2/2        EV: 12    Int:  6 (9)  God:    Dithmenos [......]
Gold:   26         SH:  0    Dex: 11 (14) Spells: 1/1 levels left

rFire    . . .     SeeInvis .   a - +0 rapier
rCold    . . .     Faith    .   (no shield)
rNeg     . . .     Spirit   .   b - +0 leather armour
rPois    .         Reflect  .   c - +0 helmet
rElec    .         Harm     .   (no cloak)
rCorr    .                      (no gloves)
MR       .....                  (no boots)
Stlth    +.........             (no amulet)
HPRegen  0.07/turn              (no ring)
MPRegen  0.08/turn              (no ring)

@: no status effects
A: powered by death 1
a: Renounce Religion


You were on level 2 of the Dungeon.
You worshipped Dithmenos.
Dithmenos was noncommittal.
You visited 1 branch of the dungeon, and saw 2 of its levels.

You collected 26 gold pieces.

Inventory:

Hand Weapons
 a - a +0 rapier (weapon)
Missiles
 g - 3 javelins (quivered)
Armour
 b - a +0 leather armour (worn)
 c - a +0 helmet (worn)
Jewellery
 d - an uncursed amulet of faith {unknown}
Scrolls
 h - a scroll of teleportation
Potions
 f - a potion of curing


   Skills:
 + Level 2.1 Fighting
 * Level 3.4 Short Blades
 + Level 1.8 Throwing
 + Level 2.7 Dodging
 * Level 0.7 Stealth


You had one spell level left.
You didn't know any spells.
Your spell library was empty.

Dungeon Overview and Level Annotations

Branches:
Dungeon (2/15)

Altars:
Dithmenos
Qazlal
Xom


Innate Abilities, Weirdness & Mutations

You regenerate a little health from kills.


Message History

The gnoll closely misses you.
You hit the gnoll.
The gnoll is moderately wounded.
A gnoll comes into view. It is wielding a +0 vorpal halberd.
The gnoll hits you with a +0 whip. The gnoll closely misses you.
The gnoll hits you but does no damage.
You barely miss the gnoll.
The gnoll is moderately wounded.
The gnoll barely misses you.
You hit the gnoll.
The gnoll is severely wounded.
The gnoll barely misses you.
The gnoll hits you from afar with a +0 vorpal halberd!
Ouch! That really hurt!
* * * LOW HITPOINT WARNING * * *
It was a potion of cancellation.
You feel magically purged. The gnoll hits you with a +0 whip.
* * * LOW HITPOINT WARNING * * *
The gnoll hits you from afar with a +0 vorpal halberd.
You die...

......####.#
........##.#
....>##.##.#
......#.##.#
......#.##.#
......#.##.#
#####.#.##.#
#.#.##.##########
#.#.........@...#
#.####.######g###
#.####.# .g#
#......# #### ##
######## .# .# .#
##


You could see 2 gnolls.

Vanquished Creatures
  A dart slug (D:2)
  A giant cockroach (D:1)
  6 goblins
  3 hobgoblins (D:1)
  A quokka (D:2)
  3 bats
  5 frilled lizards (D:1)
  A kobold (D:1)
  4 rats
25 creatures vanquished.

Notes
Turn   | Place    | Note
-------+----------+-------------------------------------------
     0 | D:1      | Aksej the Demonspawn Gladiator began the quest for the Orb.
     0 | D:1      | Reached XP level 1. HP: 16/16 MP: 1/1
   370 | D:1      | Reached skill level 3 in Short Blades
   370 | D:1      | Gained mutation: You regenerate a little health from kills.
                  | [demonic ancestry]
   370 | D:1      | Reached XP level 2. HP: 20/22 MP: 2/2
   783 | D:2      | Found a shadowy altar of Dithmenos.
   786 | D:2      | Found a shimmering altar of Xom.
   786 | D:2      | Found a stormy altar of Qazlal.
   791 | D:2      | Became a worshipper of Dithmenos the Shadowed
  1281 | D:2      | Slain by a gnoll

Illustrated notes

Levels and vault maps discovered:
D:1:      scummos_arrival_simple_fountains, layout_basic
D:2:      layout_basic, grunt_temple_overflow_open

Skill      XL: |  1 |
---------------+----+-----
Short Blades   | 3 |  3.4
Fighting       | |  2.1
Throwing       | |  1.8
Dodging        | |  2.7
Stealth        | |  0.7

Action                   || total
-------------------------++-------
Melee: Rapier            ||    92
Throw: Throwing net      ||     5
       Javelin           ||     4
  Use: Scroll            ||     3
       Potion            ||     3
 Stab: Sleeping          ||     1
Armor: Leather armour    ||    27
Dodge: Dodged            ||    68

Table legend: (Time is in decaauts)
 A = Elapsed time spent in this place.
 B = Non-inter-level travel time spent in this place.
 C = Inter-level travel time spent in this place.
 D = Time resting spent in this place.
 E = Time spent auto-exploring this place.
 F = Levels seen in this place.
 G = Mean time per level.
                   A        B        C        D        E       F      G
               +--------+--------+--------+--------+--------+-----+--------+
         Total |   1287 |   1254 |     33 |      0 |   1036 |   2 |  643.5 |
       Dungeon |   1287 |   1254 |     33 |      0 |   1036 |   2 |  643.5 |
               +--------+--------+--------+--------+--------+-----+--------+

Top non-repeatable levels by time:
     D:1: 778 daAuts
     D:2: 509 daAuts
